 Dungeon Crawl Stone Soup version 0.27-a0-797-g27d10ad80f (webtiles) character file.

Game seed: 17782702295194558447

827 polve the Agent of Entropy (level 7, -1/59 HPs)
             Began as a Demonspawn Abyssal Knight on Mar 27, 2021.
             Was a Priest of Lugonu.
             Splashed by a jelly's acid (3 damage)
             ... on level 5 of the Dungeon.
             The game lasted 00:08:03 (7091 turns).

polve the Agent of Entropy (DsAK)                   Turns: 7091, Time: 00:08:04

Health: -1/59      AC:  9    Str:  8 (13) XL:     7   Next: 64%
Magic:  0/11       EV:  7    Int: 10 (15) God:    Lugonu [***...]
Gold:   236        SH:  0    Dex: 12      Spells: 9/10 levels left

rFire    + . .     SeeInvis .   a - +1 falchion
rCold    . . .     Faith    .   (no shield)
rNeg     . . .     Spirit   +   e - +0 scale mail
rPois    .         Reflect  .   (no helmet)
rElec    .         Harm     .   (no cloak)
rCorr    .         Rampage  .   (no gloves)
Will     .....                  j - +0 pair of boots
Stlth    ..........             k - amulet of guardian spirit
HPRegen  0.19/turn              o - ring of protection from fire
MPRegen  0.12/turn              l - ring of wizardry

@: no status effects
A: hooves 1, rugged brown scales 2, foul stench 1, deterioration 1, robust 1
a: Renounce Religion, Depart the Abyss, Bend Space, Banish


You were on level 5 of the Dungeon.
You worshipped Lugonu.
Lugonu was most pleased with you.
You visited 1 branch of the dungeon, and saw 5 of its levels.
You visited the Abyss 1 time.

You collected 236 gold pieces.

Inventory:

Hand Weapons
 a - a +1 falchion (weapon)
Armour
 e - a +0 scale mail (worn)
 j - a +0 pair of boots (worn)
Jewellery
 k - an amulet of guardian spirit (around neck)
 l - a ring of wizardry (right hand)
 m - an amulet of regeneration
 n - a ring of positive energy
 o - a ring of protection from fire (left hand)
Wands
 f - a wand of iceblast (11)
Scrolls
 b - a scroll of amnesia
 c - 2 scrolls of teleportation
 d - 3 scrolls of identify
 g - a scroll of enchant armour
 i - a scroll of vulnerability
Potions
 r - a potion of magic


   Skills:
 - Level 3.0 Fighting
 - Level 6.1 Long Blades
 - Level 1.7 Armour
 - Level 0.8 Dodging
 - Level 2.0 Spellcasting
 - Level 2.0 Hexes
 + Level 6.5 Invocations


You had 9 spell levels left.
You knew the following spells:

 Your Spells              Type           Power      Damage    Failure   Level
a - Corona                Hex            5%         N/A       45%         1

Your spell library contained the following spells:

 Spells                   Type           Power      Damage    Failure   Level
 Slow                     Hex            5%         N/A       58%         2
 Magic Dart               Conj           4%         1d3       71%         1
 Ensorcelled Hibernation  Hex/Ice        6%         N/A       71%         2
 Confusing Touch          Hex            5%         N/A       80%         3
 Tukima's Dance           Hex            5%         N/A       80%         3
 Blink                    Tloc           N/A        N/A       85%         2
 Call Imp                 Summ           1%         N/A       85%         2
 Dazzling Flash           Conj/Hex       6%         N/A       90%         3
 Conjure Flame            Conj/Fire      1%         6-21      96%         3
 Mephitic Cloud           Conj/Pois/Air  1%         N/A       96%         3


Dungeon Overview and Level Annotations

Branches:
Dungeon (5/15)             Temple (0/1) D:4

Altars:
Gozag
Hepliaklqana
Nemelex Xobeh

Shops:
D:1 ?   D:3 *


Innate Abilities, Weirdness & Mutations

You have large cloven feet.
You are mostly covered in rugged brown scales. (AC +2, +5% HP)
You may rarely emit foul miasma when damaged in melee.
Your body sometimes deteriorates upon taking damage.
You are robust. (+10% HP)


Message History

You hit the jelly. The acid corrodes you!
Your hands burn!
The jelly is moderately wounded.
The jelly hits you but does no damage.
You hit the jelly.
Your hands burn!
The jelly is heavily wounded.
The jelly hits you but does no damage.
You hit the jelly but do no damage. The acid corrodes you!
Your hands burn!
The jelly is heavily wounded.
The jelly hits you.
You are splashed with acid.
You emit a cloud of foul miasma!
You hit the jelly.
Your hands burn!
The jelly is heavily wounded.
The jelly hits you.
You are splashed with acid!
You hit the jelly but do no damage.
Your hands burn!
The jelly is heavily wounded.
The jelly hits you. The acid corrodes you!
You are splashed with acid!
You hit the jelly but do no damage.
Your hands burn!
The jelly is heavily wounded.
The jelly hits you.
* * * LOW HITPOINT WARNING * * *
You are splashed with acid.
* * * LOW HITPOINT WARNING * * *
An ufetubus comes into view.
You feel better. The jelly hits you.
You are splashed with acid!
* * * LOW HITPOINT WARNING * * *
Your body deteriorates!
You feel dopey. The ufetubus barely misses you. The ufetubus hits you.
* * * LOW HITPOINT WARNING * * *
Your magical effects are unravelling.
You feel magically purged.
The sentinel's mark upon you fades away.
You are no longer corroded.
The jelly stops glowing.
The jelly hits you.
* * * LOW HITPOINT WARNING * * *
You are splashed with acid!
* * * LOW HITPOINT WARNING * * *
The ufetubus hits you but does no damage. x2
Okay, then.
You hit the jelly.
Your hands burn!
You die...

##......# #.......#
#.###.#.# #.###.#.#
#.##..#.# .
####.##.##.##
....######
.............
......hJ.#
####........#
?...####@# ###......#
. #5# #...##.#
####.#### #.#.##.#
#.......# #......#
#.##.##.# ##...###
##.#...#.# #...#
.....#...# #...#
#.#.....# #####...###
#.##.#..###..........


You could see a hound, a jelly and an ufetubus.

Vanquished Creatures
  Eustachio (D:4)
  An ogre (D:4)
  A phantom (D:5)
  2 scorpions
  A water moccasin skeleton (D:4)
  2 orc priests (D:3)
  2 hounds
  A jelly (D:4)
  Jessica (D:2)
  A hound skeleton (D:3)
  5 adders
  A shadow imp (D:5)
  An adder skeleton (D:4)
  17 orcs
  5 ball pythons
  7 endoplasms
  3 giant cockroaches
  11 goblins
  8 hobgoblins
  3 jackals (D:1)
  11 kobolds
  5 quokkas
  4 bats (D:1)
  14 frilled lizards
  3 rats
111 creatures vanquished.

Vanquished Creatures (others)
  4 plants (D:3)
4 creatures vanquished.

Grand Total: 115 creatures vanquished

Notes
Turn   | Place    | Note
-------+----------+-------------------------------------------
     0 | Abyss:1  | polve the Demonspawn Abyssal Knight began the quest for the
                  | Orb.
     0 | Abyss:1  | Reached XP level 1. HP: 18/18 MP: 2/2
    47 | Abyss:1  | Noticed an ancient zyme
    53 | Abyss:1  | Noticed an ancient zyme
    69 | D:1      | Escaped the Abyss
   290 | D:1      | Reached * piety under Lugonu
   588 | D:1      | Gained mutation: You may rarely emit foul miasma when
                  | damaged in melee. [demonic ancestry]
   588 | D:1      | Reached XP level 2. HP: 24/24 MP: 3/3
  1004 | D:1      | Found Zilum's Magic Scroll Shoppe.
  1015 | D:1      | Reached XP level 3. HP: 29/29 MP: 4/4
  1591 | D:2      | Reached ** piety under Lugonu
  1988 | D:2      | Gained mutation: You have large cloven feet. [demonic
                  | ancestry]
  1988 | D:2      | Reached XP level 4. HP: 33/35 MP: 5/5
  2030 | D:2      | Found an opulent altar of Gozag.
  2275 | D:2      | Noticed Jessica
  2277 | D:2      | Gained mutation: Your body sometimes deteriorates upon
                  | taking damage. [potion of mutation]
  2277 | D:2      | Gained mutation: You are robust. (+10% HP) [potion of
                  | mutation]
  2281 | D:2      | Killed Jessica
  2404 | D:3      | Found Gawopnia's Assorted Antiques.
  2803 | D:3      | HP: 1/38 [orc priest/+2 flail of holy wrath (8)]
  2805 | D:3      | Gained mutation: You are partially covered in rugged brown
                  | scales. (AC +1, +3% HP) [demonic ancestry]
  2805 | D:3      | Reached XP level 5. HP: 1/46 MP: 6/6
  3118 | D:3      | Reached skill level 5 in Long Blades
  3391 | D:3      | Found a sparkling altar of Nemelex Xobeh.
  4160 | D:3      | Reached *** piety under Lugonu
  4358 | D:4      | Reached XP level 6. HP: 53/53 MP: 7/7
  5302 | D:4      | Noticed Eustachio
  5316 | D:4      | Killed Eustachio
  5317 | D:4      | Reached skill level 5 in Invocations
  5435 | D:4      | Learned a level 1 spell: Corona
  5442 | D:4      | Found a staircase to the Ecumenical Temple.
  5532 | D:4      | Gained mutation: You are mostly covered in rugged brown
                  | scales. (AC +2, +5% HP) [demonic ancestry]
  5532 | D:4      | Reached XP level 7. HP: 34/59 MP: 9/11
  5748 | D:4      | Found a hazy altar of Hepliaklqana.
  5771 | D:4      | Reached skill level 1 in Hexes
  5984 | D:5      | Entered Level 5 of the Dungeon
  6034 | D:5      | Reached skill level 1 in Spellcasting
  7090 | D:5      | HP: 2/59 [acid (10)]
  7091 | D:5      | Splashed by a jelly's acid

Illustrated notes

Levels and vault maps discovered:
D:1:      sevenhm_arrival_forest_fort_large_4, layout_basic, serial_shops,
          nicolae_shop_behind_doors, serial_park_tiny_1
D:2:      layout_basic, nicolae_overflow_crystal_walls, uniq_jessica
D:3:      cheibrodos_pilgrimage, layout_loops_ring, overflow_temple_1_default,
          serial_shops, shop_statue, roderic_serpentine_path, minmay_lizard_king
D:4:      layout_cave_pools, lemuel_round_altar, minmay_temple_entry_wispy,
          uniq_eustachio
D:5:      layout_loops_cross, grunt_temple_overflow_diamond, abandoned_shop

Skill      XL: |  1  2  3  4  5  6  7 |
---------------+----------------------+-----
Long Blades    | 2 3 4 5 6 |  6.1
Invocations    | 5 6 |  6.5
Hexes          | 2 |  2.0
Spellcasting   | 2 |  2.0
Fighting       | |  3.0
Armour         | |  1.7
Dodging        | |  0.8

Action                   |  1- 3 |  4- 6 |  7- 9 || total
-------------------------+-------+-------+-------++-------
Melee: Falchion          |   109 |   200 |    81 ||   390
       Kick              |       |    30 |       ||    30
 Cast: Corona            |       |       |     2 ||     2
Invok: Depart the Abyss  |     1 |       |       ||     1
       Banish            |       |       |     1 ||     1
  Use: Potion            |       |    11 |     3 ||    14
       Scroll            |       |     5 |     2 ||     7
Armor: Scale mail        |    61 |    79 |    44 ||   184
       Leather armour    |     5 |       |       ||     5
Dodge: Dodged            |    78 |    87 |    36 ||   201
       Rpst.: Falchion   |    21 |    20 |    14 ||    55

Table legend: (Time is in decaauts)
 A = Elapsed time spent in this place.
 B = Non-inter-level travel time spent in this place.
 C = Inter-level travel time spent in this place.
 D = Time resting spent in this place.
 E = Time spent auto-exploring this place.
 F = Levels seen in this place.
 G = Mean time per level.
                   A        B        C        D        E       F      G
               +--------+--------+--------+--------+--------+-----+--------+
         Total |   7117 |   6918 |    199 |    295 |   5646 |   6 | 1186.2 |
       Dungeon |   7048 |   6849 |    199 |    295 |   5600 |   5 | 1409.6 |
         Abyss |     69 |     69 |      0 |      0 |     46 |   1 |   69.0 |
               +--------+--------+--------+--------+--------+-----+--------+

Top non-repeatable levels by time:
     D:3: 2267 daAuts
     D:4: 1713 daAuts
     D:1: 1413 daAuts
     D:2: 1179 daAuts
     D:5: 474 daAuts
 Abyss:1: 69 daAuts
